 Dungeon Sprint DCSS version 0.27-a0-909-g0721f309d1 (webtiles) character file.

Game seed: 11120580719460927733

5500000 sentinel the Ninja (level 18, -10/109 HPs)
             Began as a Felid Warper on Apr 8, 2021.
             Was a High Priest of Makhleb.
             Mangled by a destroyer
             ... wielding a +9 vorpal great sword
              (13 damage)
             ... in the Dungeon (Sprint VIII: "Arena of Blood").
             The game lasted 00:03:08 (55 turns).

sentinel the Ninja (Felid Warper)                     Turns: 55, Time: 00:03:09

Health: -10/109    AC:  3    Str:  7    XL:     18   Next: 57%
Magic:  50/50      EV: 43    Int: 17    God:    Makhleb [*****.]
Gold:   0          SH:  0    Dex: 21    Spells: 71/71 levels left
                                        Lives:  0   Deaths: 6

rFire    . . .     SeeInvis +     - Unarmed
rCold    + . .     Faith    .   (shield unavailable)
rNeg     . . .     Spirit   .   (armour unavailable)
rPois    .         Reflect  .   (helmet unavailable)
rElec    .         Harm     .   (cloak unavailable)
rCorr    .         Rampage  .   (gloves unavailable)
Will     ++...     NoTele   +   (boots unavailable)
Stlth    ++++++++++             (no amulet)
HPRegen  0.28/turn              j - +27000 ring of slaying
MPRegen  0.32/turn              (no ring)

@: quick
A: very small, claws 1, fangs 3, see invisible, speed 1, shaggy fur 3, stealthy
paws, no weapons or thrown items, no armour, multi-lived
a: Renounce Religion, Minor Destruction, Lesser Servant of Makhleb, Major
Destruction, Greater Servant of Makhleb


You were in the Dungeon.
You worshipped Makhleb.
Makhleb was extremely pleased with you.
You visited 1 branch

Inventory:

Jewellery
 j - a +27000 ring of slaying (left paw)
Scrolls
 z - 2 scrolls of blinking
Potions
 f - 2 potions of magic
 g - a potion of berserk rage
 q - a potion of curing
 w - a potion of heal wounds


   Skills:
 O Level 27 Fighting
 O Level 27 Dodging
 O Level 27 Stealth
 O Level 27 Unarmed Combat
 O Level 27 Spellcasting
 + Level 10.7 Conjurations
 + Level 15.6 Hexes
 + Level 11.6 Summonings
 + Level 11.6 Necromancy
 O Level 27 Translocations
 + Level 12.5 Transmutations
 + Level 10.7 Fire Magic
 + Level 10.7 Ice Magic
 + Level 10.7 Air Magic
 + Level 10.7 Earth Magic
 + Level 10.7 Poison Magic
 O Level 27 Invocations
 + Level 12.5 Evocations


You had 71 spell levels left.
You didn't know any spells.
Your spell library contained the following spells:

 Spells                   Type           Power      Damage    Failure   Level
 Blink                    Tloc           N/A        N/A       0%          2
 Gell's Gravitas          Tloc           43%        N/A       0%          3
 Lesser Beckoning         Tloc           43%        N/A       0%          3
 Teleport Other           Tloc           86%        N/A       0%          3
 Manifold Assault         Tloc           86%        N/A       0%          5


Dungeon Overview and Level Annotations

Branches:
Dungeon (1/1)

Altars:
Makhleb


Innate Abilities, Weirdness & Mutations

You have sharp claws.
You have razor-sharp teeth.
You have supernaturally acute eyesight. (SInv)
You cover ground quickly. (Speed+)
Your thick and shaggy fur keeps you warm. (AC +3, rC+)
Your stealthy paws help you sneak and pounce on unaware monsters.
You are incapable of wielding weapons or throwing items.
You cannot wear armour.
You gain extra lives every three experience levels.


Message History

Your Invocations skill gained 4 levels and is now at level 21!
You eviscerate the destroyer!!!!!!!!!!!!
You destroy the destroyer!
Makhleb accepts your kill.
You hear a shout! x4
Your Spellcasting skill gained 3 levels and is now at level 23!
Your Invocations skill gained 4 levels and is now at level 25!
You have reached level 17!
You eviscerate the bag of meat!!!!!!!!!!!
You kill the bag of meat!
Makhleb accepts your kill.
You hear a shout! x2
Your Spellcasting skill increases to level 24!
Your Invocations skill increases to level 26!
You eviscerate the meat berserker!!!!!!!!!!!!
You kill the meat berserker!
Makhleb accepts your kill.
You can now summon a greater servant of Makhleb.
You hear a shout! x2
The sculptor of flesh completely misses you.
You hear a shout! x2
You have mastered Spellcasting!
You have mastered Invocations!
You need to enable at least one skill for training.
Your Conjurations skill gained 3 levels and is now at level 3!
Your Hexes skill gained 5 levels and is now at level 5!
Your Summonings skill gained 3 levels and is now at level 3!
Your Necromancy skill gained 3 levels and is now at level 3!
Your Transmutations skill gained 4 levels and is now at level 4!
Your Fire Magic skill gained 3 levels and is now at level 3!
Your Ice Magic skill gained 3 levels and is now at level 3!
Your Air Magic skill gained 3 levels and is now at level 3!
Your Earth Magic skill gained 3 levels and is now at level 3!
Your Poison Magic skill gained 3 levels and is now at level 3!
Your Evocations skill gained 4 levels and is now at level 4!
You have reached level 18!
Your experience leads to an increase in your attributes!
Increase (s)trength, (i)ntelligence, or (d)exterity?
You feel agile.
You eviscerate the sculptor of flesh!!!!!!!!!!!
You destroy the sculptor of flesh!
Makhleb accepts your kill.
You hear a shout! x3
Your Conjurations skill gained 2 levels and is now at level 5!
Your Hexes skill gained 3 levels and is now at level 8!
Your Summonings skill gained 2 levels and is now at level 5!
Your Necromancy skill gained 2 levels and is now at level 5!
Your Transmutations skill gained 2 levels and is now at level 6!
Your Fire Magic skill gained 2 levels and is now at level 5!
Your Ice Magic skill gained 2 levels and is now at level 5!
Your Air Magic skill gained 2 levels and is now at level 5!
Your Earth Magic skill gained 2 levels and is now at level 5!
Your Poison Magic skill gained 2 levels and is now at level 5!
Your Evocations skill gained 2 levels and is now at level 6!
You eviscerate the meat berserker!!!!!!!!!
You kill the meat berserker!
Makhleb accepts your kill.
You hear a shout! x2
The meat berserker hits you with a +9 battleaxe!!!
Ouch! That really hurt!
You hear a shout!
Your Conjurations skill gained 3 levels and is now at level 8!
Your Hexes skill gained 4 levels and is now at level 12!
Your Summonings skill gained 3 levels and is now at level 8!
Your Necromancy skill gained 3 levels and is now at level 8!
Your Transmutations skill gained 3 levels and is now at level 9!
Your Fire Magic skill gained 3 levels and is now at level 8!
Your Ice Magic skill gained 3 levels and is now at level 8!
Your Air Magic skill gained 3 levels and is now at level 8!
Your Earth Magic skill gained 3 levels and is now at level 8!
Your Poison Magic skill gained 2 levels and is now at level 7!
Your Evocations skill gained 3 levels and is now at level 9!
You eviscerate the meat berserker!!!!!!!!!!
You kill the meat berserker!
Makhleb accepts your kill.
You feel better.
You hear a shout!
The meat berserker rages.
You hear a shout! x2
Your Conjurations skill gained 2 levels and is now at level 10!
Your Hexes skill gained 2 levels and is now at level 14!
Your Summonings skill gained 2 levels and is now at level 10!
Your Necromancy skill gained 2 levels and is now at level 10!
Your Transmutations skill gained 2 levels and is now at level 11!
Your Fire Magic skill increases to level 9!
Your Ice Magic skill gained 2 levels and is now at level 10!
Your Air Magic skill increases to level 9!
Your Earth Magic skill gained 2 levels and is now at level 10!
Your Poison Magic skill gained 2 levels and is now at level 9!
Your Evocations skill gained 2 levels and is now at level 11!
You have reached level 19!
Extra life!
You hear a shout! x2
The meat berserker hits you with a +9 battleaxe!!!!
Ouch! That really hurt!
The meat berserker completely misses you.
The meat berserker closely misses you.
You hear a shout! x2
The meat berserker rages.
You hear a shout! x2
The meat berserker completely misses you.
The meat berserker hits you with a +9 battleaxe!!!
You die...
The meat berserker hits you with a +9 battleaxe!!!
You hear a shout! x2
The destroyer blinks!
You hear a shout!
The meat berserker hits you with a +9 battleaxe!!! x2
A destroyer comes into view. It is wielding a +9 vorpal great sword.
You are now level 18!
You rejoin the land of the living... 3 orcs and an ogre come into view.
The bag of meat shouts! x2; The meat berserker shouts!
You eviscerate the bag of meat!!!!!!!!!!!
You kill the bag of meat!
Makhleb accepts your kill.
You hear a shout! x4
The tyrant moves out of view.
Your Hexes skill increases to level 15!
Your Summonings skill increases to level 11!
Your Necromancy skill increases to level 11!
Your Transmutations skill increases to level 12!
Your Fire Magic skill increases to level 10!
Your Air Magic skill increases to level 10!
Your Poison Magic skill increases to level 10!
Your Evocations skill increases to level 12!
Memorise Manifold Assault, consuming 5 spell levels and leaving 66?
The meat berserker appears out of thin air!
You hear a shout! x9
You start memorising the spell.
You continue memorising.
The bag of meat shouts!
You hear a shout!
You hear two shouts!
The meat berserker rages.
You hear a shout! x10
You continue memorising.
You hear a shout!
The destroyer blinks!
You hear a shout! x4
You continue memorising.
You hear a shout! x3
The destroyer blinks!
You hear a shout! x3
The meat berserker rages.
The meat berserker completely misses you.
You hear a shout! x2
You continue memorising.
You hear a shout! x2
The destroyer hits you with a +9 vorpal great sword!!!!
Your memorisation is interrupted.
Ouch! That really hurt!
* * * LOW HITPOINT WARNING * * *
You die...

.....O.V.o###.........
..#...O.zOo_)o)O......
#.....O.#OOO)V#))..o.. .
......O†#_Oo._#V)O.V..
..#....oo.#oOOo.#..O...#
....#..o..V.O_..§o.O....
............###.........
......D###.......###o...
......V@)#.......# ....
.......O.#.......# ....
#....O.o.......... ....
.#.#..o.V.... ....
#.#o.......z.V.
.#.#......O....
#.#oo...#......
..O.o.§........


You could see an eight-headed meat hydra, 3 destroyers, a sculptor of flesh, 4
meat berserkers and 6 bags of meat.

Vanquished Creatures
  2 vampire knights (D)
  7 ogres (D)
  9 orcs (D)
  A skeletal warrior (D)
19 creatures vanquished.

Notes
Turn   | Place    | Note
-------+----------+-------------------------------------------
     0 | D        | sentinel the Felid Warper began the quest for the Orb.
     0 | D        | Reached XP level 1. HP: 9/9 MP: 4/4
     2 | D        | Noticed a bag of meat
     2 | D        | Noticed a bag of meat
     3 | D        | Became a worshipper of Makhleb the Destroyer
     4 | D        | Killed a bag of meat
     4 | D        | Noticed a bag of meat
     5 | D        | Reached skill level 27 in Stealth
     5 | D        | Reached XP level 2. HP: 13/13 MP: 6/6
     5 | D        | Reached XP level 3. HP: 16/16 MP: 7/7
     5 | D        | Reached XP level 4. HP: 19/19 MP: 8/8
     5 | D        | Reached XP level 5. HP: 22/22 MP: 9/9
     5 | D        | Gained mutation: You are covered in thick fur. (AC +2)
                  | [Felid growth]
     5 | D        | Reached XP level 6. HP: 26/26 MP: 10/10
     5 | D        | Reached XP level 7. HP: 30/30 MP: 11/11
     5 | D        | Reached XP level 8. HP: 33/33 MP: 12/12
     5 | D        | Reached XP level 9. HP: 36/36 MP: 13/13
     5 | D        | Reached XP level 10. HP: 40/40 MP: 14/14
     5 | D        | Reached XP level 11. HP: 43/43 MP: 15/15
     5 | D        | Noticed a bag of meat
     5 | D        | Noticed a meat berserker
     6 | D        | Noticed a bag of meat
     7 | D        | Noticed a bag of meat
     8 | D        | Annihilated by a bag of meat
     8 | D        | Noticed a meat berserker
     9 | D        | Reached XP level 10. HP: -24/40 MP: 14/14
    11 | D        | Killed a meat berserker
    11 | D        | Reached * piety under Makhleb
    12 | D        | Reached XP level 11. HP: 43/43 MP: 15/15
    12 | D        | Gained mutation: Your thick and shaggy fur keeps you warm.
                  | (AC +3, rC+) [Felid growth]
    12 | D        | Reached XP level 12. HP: 46/46 MP: 16/16
    12 | D        | Reached XP level 13. HP: 49/49 MP: 17/17
    14 | D        | Noticed a bag of meat
    15 | D        | Noticed a bag of meat
    16 | D        | Annihilated by a meat berserker
    17 | D        | Reached XP level 12. HP: -43/46 MP: 16/16
    17 | D        | Noticed a bag of meat
    17 | D        | Noticed a bag of meat
    17 | D        | Noticed a meat berserker
    17 | D        | Noticed a bag of meat
    17 | D        | Noticed a meat berserker
    17 | D        | Noticed a meat berserker
    18 | D        | Noticed a bag of meat
    18 | D        | Noticed a meat berserker
    18 | D        | Noticed a bag of meat
    19 | D        | Noticed a bag of meat
    19 | D        | Noticed a bag of meat
    21 | D        | Noticed a bag of meat
    21 | D        | Noticed a bag of meat
    21 | D        | Noticed a meat berserker
    22 | D        | Annihilated by a meat berserker
    23 | D        | Reached XP level 11. HP: -27/43 MP: 15/15
    23 | D        | Noticed a bag of meat
    24 | D        | Noticed a destroyer
    24 | D        | Killed a bag of meat
    25 | D        | Reached skill level 27 in Unarmed Combat
    25 | D        | Reached XP level 12. HP: 46/46 MP: 16/16
    25 | D        | Killed a meat berserker
    25 | D        | Noticed a large bag of meat
    26 | D        | Reached skill level 27 in Translocations
    26 | D        | Reached XP level 13. HP: 61/61 MP: 17/17
    26 | D        | Reached XP level 14. HP: 65/65 MP: 18/18
    26 | D        | Annihilated by a destroyer
    27 | D        | Reached XP level 13. HP: -106/61 MP: 17/17
    27 | D        | Killed a destroyer
    27 | D        | Reached ** piety under Makhleb
    27 | D        | Noticed a bag of meat
    28 | D        | Reached XP level 14. HP: 78/78 MP: 18/18
    28 | D        | Noticed a meat berserker
    28 | D        | Noticed a large bag of meat
    28 | D        | Noticed a meat berserker
    28 | D        | Noticed a bag of meat
    29 | D        | Killed a bag of meat
    30 | D        | Reached XP level 15. HP: 63/85 MP: 19/19
    30 | D        | Noticed a meat berserker
    30 | D        | Noticed a meat berserker
    31 | D        | Noticed a sculptor of flesh
    31 | D        | Noticed a destroyer
    32 | D        | Reached skill level 27 in Dodging
    32 | D        | Reached *** piety under Makhleb
    34 | D        | Reached skill level 27 in Fighting
    34 | D        | Reached XP level 16. HP: 100/100 MP: 19/23
    34 | D        | Noticed a meat berserker
    34 | D        | Noticed a large bag of meat
    34 | D        | Noticed a destroyer
    36 | D        | Annihilated by a meat berserker
    36 | D        | Noticed a meat berserker
    37 | D        | Reached XP level 15. HP: -48/95 MP: 19/22
    37 | D        | Noticed a meat berserker
    37 | D        | Noticed a destroyer
    38 | D        | Noticed a sculptor of flesh
    38 | D        | Killed a meat berserker
    39 | D        | Reached skill level 15 in Invocations
    39 | D        | Reached XP level 16. HP: 60/100 MP: 22/35
    39 | D        | Reached **** piety under Makhleb
    41 | D        | Killed a meat berserker
    42 | D        | Killed a destroyer
    43 | D        | Reached XP level 17. HP: 104/104 MP: 23/45
    44 | D        | Killed a meat berserker
    44 | D        | Reached ***** piety under Makhleb
    45 | D        | Reached skill level 27 in Spellcasting
    45 | D        | Reached skill level 27 in Invocations
    45 | D        | Reached skill level 5 in Hexes
    45 | D        | Reached XP level 18. HP: 109/109 MP: 23/50
    45 | D        | Killed a sculptor of flesh
    46 | D        | Reached skill level 5 in Conjurations
    46 | D        | Reached skill level 5 in Summonings
    46 | D        | Reached skill level 5 in Necromancy
    46 | D        | Reached skill level 5 in Fire Magic
    46 | D        | Reached skill level 5 in Ice Magic
    46 | D        | Reached skill level 5 in Air Magic
    46 | D        | Reached skill level 5 in Earth Magic
    46 | D        | Reached skill level 5 in Poison Magic
    46 | D        | Killed a meat berserker
    47 | D        | Killed a meat berserker
    48 | D        | Reached skill level 10 in Conjurations
    48 | D        | Reached skill level 10 in Summonings
    48 | D        | Reached skill level 10 in Necromancy
    48 | D        | Reached skill level 10 in Ice Magic
    48 | D        | Reached skill level 10 in Earth Magic
    48 | D        | Reached XP level 19. HP: 113/113 MP: 23/51
    49 | D        | Demolished by a meat berserker
    49 | D        | Noticed a destroyer
    50 | D        | Reached XP level 18. HP: -15/109 MP: 24/50
    50 | D        | Noticed a meat berserker
    51 | D        | Reached skill level 15 in Hexes
    51 | D        | Reached skill level 10 in Fire Magic
    51 | D        | Reached skill level 10 in Air Magic
    51 | D        | Reached skill level 10 in Poison Magic
    51 | D        | Noticed an eight-headed meat hydra
    52 | D        | Noticed a meat berserker
    52 | D        | Noticed a sculptor of flesh
    52 | D        | Noticed a destroyer
    52 | D        | Noticed a destroyer
    53 | D        | Noticed a meat berserker
    54 | D        | Noticed a destroyer
    54 | D        | Noticed a meat berserker
    55 | D        | HP: 3/109 [destroyer/+9 vorpal great sword (106)]
    55 | D        | Mangled by a destroyer

Illustrated notes

Levels and vault maps discovered:
D:        meatsprint

Skill      XL: |  1  2  3  4  5  6  7  8  9 10 11 12 13 14 15 16 17 18 |
---------------+-------------------------------------------------------+-----
Stealth        | 27 | 27.0
Unarmed Combat | 18 26 27 | 27.0
Translocations | 19 27 | 27.0
Fighting       | 9 18 20 27 | 27.0
Dodging        | 12 22 25 27 | 27.0
Spellcasting   | 14 23 27 | 27.0
Invocations    | 15 25 27 | 27.0
Conjurations   | 3 10 | 10.7
Hexes          | 5 15 | 15.6
Summonings     | 3 11 | 11.6
Necromancy     | 3 11 | 11.6
Transmutations | 4 12 | 12.5
Fire Magic     | 3 10 | 10.7
Ice Magic      | 3 10 | 10.7
Air Magic      | 3 10 | 10.7
Earth Magic    | 3 10 | 10.7
Poison Magic   | 3 10 | 10.7
Evocations     | 4 12 | 12.5

Action                   |  1- 3 |  4- 6 |  7- 9 | 10-12 | 13-15 | 16-18 | 19-21 || total
-------------------------+-------+-------+-------+-------+-------+-------+-------++-------
Melee: Unarmed           |     1 |       |       |     3 |     7 |     9 |       ||    20
  Use: Potion            |       |       |       |     1 |       |       |       ||     1
Armor: Skin              |       |       |       |       |       |     1 |       ||     1
Dodge: Dodged            |       |       |       |       |     3 |     8 |     3 ||    14

Table legend: (Time is in decaauts)
 A = Elapsed time spent in this place.
 B = Non-inter-level travel time spent in this place.
 C = Inter-level travel time spent in this place.
 D = Time resting spent in this place.
 E = Time spent auto-exploring this place.
 F = Levels seen in this place.
 G = Mean time per level.
                   A        B        C        D        E       F      G
               +--------+--------+--------+--------+--------+-----+--------+
         Total |     42 |     42 |      0 |      0 |      0 |   1 |   42.0 |
       Dungeon |     42 |     42 |      0 |      0 |      0 |   1 |   42.0 |
               +--------+--------+--------+--------+--------+-----+--------+

Top non-repeatable levels by time:
       D: 42 daAuts
